 Dungeon Crawl Stone Soup version 0.28-a0-653-g7e9dba17c3 (webtiles) character file.

Game seed: 4118554864227191552

1364 bande the Chopper (level 8, -3/51 HPs)
             Began as a Gargoyle Fighter on Oct 11, 2021.
             Engulfed by a steam dragon's steam (7 damage)
             ... on level 6 of the Dungeon.
             The game lasted 00:12:53 (5908 turns).

bande the Chopper (Gargoyle Fighter)                Turns: 5908, Time: 00:12:54

Health: -3/51      AC: 15    Str: 21    XL:     8   Next: 64%
Magic:  8/8        EV:  9    Int:  9    God:
Gold:   244        SH:  4    Dex: 10    Spells: 7/7 levels left

rFire   . . .      SeeInvis .   p - +2 hand axe (vamp)
rCold   . . .      Faith    .   c - +0 buckler
rNeg    + . .      Spirit   .   b - +0 scale mail
rPois   ∞          Reflect  .   (no helmet)
rElec   +          Harm     .   (no cloak)
rCorr   .          Rampage  .   (no gloves)
Will    .....                   k - +1 pair of boots
Stlth   ..........              (no amulet)
HPRegen 0.17/turn               (no ring)
MPRegen 0.11/turn               (no ring)

@: no status effects
A: sickness immunity, AC +5, negative energy resistance 1, electricity
resistance, torment resistance 1, petrification resistance
a: no special abilities


You were on level 6 of the Dungeon.
You visited 2 branches of the dungeon, and saw 7 of its levels.

You collected 244 gold pieces.

Inventory:

Hand Weapons
 a - a +0 war axe
 d - a +1 flail of protection
 p - a +2 vampiric hand axe (weapon)
Missiles
 f - a throwing net (quivered)
Armour
 b - a +0 scale mail (worn)
 c - a +0 buckler (worn)
 k - a +1 pair of boots (worn)
Jewellery
 h - a ring of see invisible
 o - a ring of willpower
Scrolls
 e - a scroll of teleportation
 g - 3 scrolls of enchant armour
Potions
 i - 2 potions of brilliance
 j - a potion of curing
 m - 2 potions of haste
 n - a potion of invisibility


   Skills:
 + Level 5.9 Fighting
 + Level 6.9 Axes
 + Level 6.1 Armour
 + Level 4.6 Shields


You had 7 spell levels left.
You didn't know any spells.
Your spell library contained the following spells:

 Spells                   Type           Power      Damage    Failure   Level
 Sandblast                Erth           0%         2d4       71%         1
 Sting                    Tmut/Pois      0%         1d3       71%         1
 Summon Small Mammal      Summ           0%         N/A       71%         1
 Passwall                 Tmut/Erth      0%         N/A       83%         2
 Call Canine Familiar     Summ           0%         N/A       97%         3
 Portal Projectile        Hex/Tloc       0%         N/A       97%         3
 Stone Arrow              Conj/Erth      0%         3d7       97%         3
 Summon Guardian Golem    Hex/Summ       0%         N/A       97%         3
 Blade Hands              Tmut           0%         N/A       100%        5
 Excruciating Wounds      Necr           0%         N/A       100%        5
 Fireball                 Conj/Fire      0%         3d3       100%        5
 Starburst                Conj/Fire      0%         6d3       100%        6
 Ignition                 Fire           0%         3d3       100%        8


Dungeon Overview and Level Annotations

Branches:
Dungeon (6/15)             Temple (1/1) D:4

Altars:
Ashenzari
Cheibriados
Dithmenos
Gozag
Hepliaklqana
Kikubaaqudgha
Nemelex Xobeh
Ru
Sif Muna
Vehumet
Wu Jian
Yredelemnul
Zin
The Shining One

Shops:
D:3 *

Annotations:
D:4 exclusion: statue


Innate Abilities, Weirdness & Mutations

You are immune to sickness and miasma.
Your stone body is resilient. (AC +5)
You are immune to poison.
You resist negative energy. (rN+)
You are resistant to electric shocks. (rElec)
You are resistant to unholy torment.
You are immune to petrification.


Message History

No target in view!
Found a stone staircase leading up.
Found a scroll of noise.
A steam dragon comes into view.
The steam dragon hisses angrily.
A steam dragon is nearby!
The steam dragon bites you. The steam dragon barely misses you.
You closely miss the steam dragon. You block the steam dragon's attack. x2
You hit the steam dragon but do no damage.
The steam dragon barely misses you.
The steam dragon claws you but does no damage.
You hit the steam dragon but do no damage.
The steam dragon breathes steam at you. The ball of steam hits you!
You hit the steam dragon.
You feel better.
The steam dragon is lightly wounded.
You are engulfed in a cloud of scalding steam.
The steam dragon bites you.
The steam dragon claws you but does no damage.
You barely miss the steam dragon.
The steam dragon is lightly wounded.
You are engulfed in a cloud of scalding steam.
The steam dragon bites you!
The steam dragon claws you but does no damage.
You are too injured to fight recklessly!
Unknown command.
You hit the steam dragon.
You feel better.
The steam dragon is moderately wounded.
The steam dragon breathes steam at you. The ball of steam hits you!
* * * LOW HITPOINT WARNING * * *
You closely miss the steam dragon.
The steam dragon is moderately wounded.
You are engulfed in a cloud of scalding steam.
* * * LOW HITPOINT WARNING * * *
The steam dragon barely misses you. x2
You slash the steam dragon!
The steam dragon is severely wounded.
You are engulfed in a cloud of scalding steam.
You die...

#. #.##.#####
#.##.##.....##
#......####.#### .
##.####.####...#. ..
##.## ##.##...#..
...####§## #....###..
#.....<.# ##..## #..
......§.## #.## #..
.......@§# ##.# #..
.......D.# #...####..
.#.......# ..#[..#...
##.......##..## #....##
#.....?.....# #...###
#............# #...###
#...........#..###....#
###....##...##........##
##... ...###........#


You could see a steam dragon.

Vanquished Creatures
  Edmund (D:4)
  A sky beast (D:6)
  2 water moccasins (D:6)
  2 black bears
  3 scorpions
  An elf skeleton (D:4)
  2 hounds (D:5)
  A jelly (D:6)
  3 orc priests
  2 human skeletons (D:4)
  4 iguanas (D:5)
  A scorpion zombie (D:5)
  5 adders
  A white imp (D:5)
  An ufetubus (D:4)
  2 dart slugs
  2 worms
  15 orcs
  9 bats
  7 endoplasms
  A giant cockroach (D:1)
  8 goblins
  9 hobgoblins
  2 jackals (D:1)
  12 kobolds
  2 quokkas (D:1)
  5 ball pythons
  6 frilled lizards
  An orc skeleton (D:4)
  2 orc zombies (D:4)
  7 rats
120 creatures vanquished.

Vanquished Creatures (others)
  A fungus (D:1)
  7 plants
8 creatures vanquished.

Grand Total: 128 creatures vanquished

Notes
Turn   | Place    | Note
-------+----------+-------------------------------------------
     0 | D:1      | bande the Gargoyle Fighter began the quest for the Orb.
     0 | D:1      | Reached XP level 1. HP: 14/14 MP: 1/1
    42 | D:1      | Reached XP level 2. HP: 18/19 MP: 2/2
    64 | D:1      | Found a faded altar of an unknown god.
    72 | D:1      | Got Plato's Papyrus of Moulding
   496 | D:1      | Reached XP level 3. HP: 24/24 MP: 3/3
  1244 | D:2      | Reached XP level 4. HP: 29/29 MP: 4/4
  1613 | D:3      | Found a snail-covered altar of Cheibriados.
  1645 | D:3      | Found Qesamad's Assorted Antiques.
  2152 | D:3      | Found a hazy altar of Hepliaklqana.
  2674 | D:4      | Noticed Edmund
  2695 | D:4      | Killed Edmund
  2696 | D:4      | Reached XP level 5. HP: 2/34 MP: 5/5
  2696 | D:4      | Reached XP level 6. HP: 2/39 MP: 6/6
  3080 | D:4      | Found a staircase to the Ecumenical Temple.
  3371 | D:4      | Found a radiant altar of Vehumet.
  3471 | D:4      | Reached XP level 7. HP: 34/44 MP: 7/7
  3972 | Temple   | Entered the Ecumenical Temple
  4193 | D:5      | Entered Level 5 of the Dungeon
  4199 | D:5      | Found a broken altar of Ashenzari.
  4277 | D:5      | Reached skill level 5 in Fighting
  4277 | D:5      | Reached skill level 5 in Axes
  4373 | D:5      | Reached skill level 5 in Armour
  5507 | D:6      | Reached XP level 8. HP: 49/49 MP: 8/8
  5908 | D:6      | Engulfed by a steam dragon's steam

Illustrated notes

Levels and vault maps discovered:
D:1:      tarquinn_simple_flora_water_a, layout_basic,
          shapermc_ecumenical_altar_rom_forum, fountainhead,
          kennysheep_small_spiral
D:2:      minmay_alternating_diamond, layout_rooms, serial_bayou_lagoon_a,
          ebering_dispersal_statue_hall
D:3:      minmay_angry_zag, layout_loops_corners, cheibriados_altar_1,
          worldfamousw_hep_ancestral_shrine, serial_shops, nicolae_shop_stone,
          kennysheep_generic_room_13
D:4:      layout_cave_pools, vehumet_statue, minmay_temple_entry_wispy,
          nicolae_ossuary_entry_catacombs, uniq_edmund
D:5:      layout_basic, nicolae_ashenzari_skybound, minmay_circle_x
D:6:      layout_layer_cave, mainiacjoe_overflow_paths, uniq_prince_ribbit1
Temple:   jpeg_temple_alley_garden

Skill      XL: |  1  2  3  4  5  6  7  8 |
---------------+-------------------------+-----
Axes           | 2 3 4 5 6 |  6.9
Fighting       | 4 5 |  5.9
Armour         | 4 5 6 |  6.1
Shields        | 4 |  4.6

Action                   |  1- 3 |  4- 6 |  7- 9 || total
-------------------------+-------+-------+-------++-------
Melee: War axe           |   111 |   149 |    43 ||   303
       Hand axe          |       |       |   126 ||   126
  Use: Scroll            |       |    11 |     1 ||    12
       Potion            |       |     2 |       ||     2
Armor: Scale mail        |    77 |    95 |    95 ||   267
Dodge: Dodged            |    65 |    86 |    67 ||   218
Block: Buckler           |    39 |    39 |    30 ||   108

Table legend: (Time is in decaauts)
 A = Elapsed time spent in this place.
 B = Non-inter-level travel time spent in this place.
 C = Inter-level travel time spent in this place.
 D = Time resting spent in this place.
 E = Time spent auto-exploring this place.
 F = Levels seen in this place.
 G = Mean time per level.
                   A        B        C        D        E       F      G
               +--------+--------+--------+--------+--------+-----+--------+
         Total |   6024 |   6002 |     22 |    514 |   4129 |   7 |  860.6 |
       Dungeon |   5853 |   5831 |     22 |    514 |   4007 |   6 |  975.5 |
        Temple |    171 |    171 |      0 |      0 |    122 |   1 |  171.0 |
               +--------+--------+--------+--------+--------+-----+--------+

Top non-repeatable levels by time:
     D:3: 1463 daAuts
     D:5: 1305 daAuts
     D:4: 1103 daAuts
     D:1: 1053 daAuts
     D:2: 514 daAuts
     D:6: 413 daAuts
  Temple: 171 daAuts
